[Event "*** SCC Grand Prix: Titled Tuesday Blitz"]
[Site "Chess.com"]
[Date "2020.06.23"]
[Round "4"]
[White "cholzan"]
[Black "Bazarov04"]
[Result "1-0"]
[WhiteElo "2345"]
[BlackElo "2496"]
[TimeControl "180+1"]
[EndTime "10:39:39 PDT"]
[Termination "cholzan won by resignation"]

1. d4 e6 2. c4 f5 3. g3 Nf6 4. Bg2 d5 5. Nh3 c6 6. O-O Be7 7. Nd2 O-O 8. Nf3 b6 9. Nf4 Ne4 10. Ne5 Bd6 11. Nfd3 Bb7 12. b4 Qe7 13. c5 Bc7 14. a4 Nd7 15. cxb6 axb6 16. Ba3 Nxe5 17. Nxe5 Bxe5 18. dxe5 Rfd8 19. Rc1 d4 20. Qc2 Nc3 21. e3 Rxa4 22. Bb2 Qxb4 23. exd4 Nd5 24. Ra1 Rda8 25. Rxa4 Rxa4 26. Bxd5 cxd5 27. Qc7 Ba6 28. Rc1 Bc4 29. Qd7 Ra8 30. Qxe6+ Kh8 31. Bc3 Qa3 32. Bd2 Qf3 33. Bh6 Rg8 34. Ra1 Qg4 35. h3 Qh5 36. Bxg7+ Rxg7 37. Ra8+ 1-0

[Event "*** SCC Grand Prix: Titled Tuesday Blitz"]
[Site "Chess.com"]
[Date "2020.06.23"]
[Round "4"]
[White "viktorskliarov"]
[Black "Canairez"]
[Result "1/2-1/2"]
[WhiteElo "2544"]
[BlackElo "2350"]
[TimeControl "180+1"]
[EndTime "10:39:39 PDT"]
[Termination "Game drawn by repetition"]

1. e4 c6 2. d4 d5 3. e5 Bf5 4. Nf3 e6 5. Be2 Ne7 6. O-O c5 7. Be3 Nec6 8. c4 cxd4 9. Nxd4 Nxd4 10. Bxd4 Nc6 11. Nc3 dxc4 12. Nb5 Nxd4 13. Nxd4 Bd3 14. Bxd3 cxd3 15. Qxd3 Be7 16. Rfd1 O-O 17. Qb5 Qb6 18. Qxb6 axb6 19. a4 Rfd8 20. b3 Bc5 21. Nb5 Kf8 22. Kf1 Ke7 23. Ke2 f6 24. exf6+ gxf6 25. f4 Rac8 26.
Kf3 h5 27. Ke4 h4 28. g4 hxg3 29. hxg3 Rh8 30. Rh1 Rcg8 31. Kf3 f5 32. Rad1 Rd8 33. Rxd8 Rxh1 34. Rb8 Rb1 35. Rxb7+ Kf6 36. Nc7 Rxb3+ 37.
Kg2 Ra3 38. Ne8+ Kg6 39. Rg7+ Kh6 40. Rg5 Rxa4 41. Nf6 b5 42. Ng8+ Kh7 43. Nf6+ Kh6 44. Ng8+ Kh7 45. Nf6+ Kh6 1/2-1/2

[Event "*** SCC Grand Prix: Titled Tuesday Blitz"]
[Site "Chess.com"]
[Date "2020.06.23"]
[Round "4"]
[White "swisspower96"]
[Black "eightbyeightchess"]
[Result "1-0"]
[WhiteElo "2616"]
[BlackElo "2403"]
[TimeControl "180+1"]
[EndTime "10:39:40 PDT"]
[Termination "swisspower96 won by resignation"]

1. d4 d5 2. c4 c6 3. cxd5 cxd5 4.
Bf4 Nf6 5. e3 Nc6 6. Nc3 e6 7. Bd3 Bd6 8. Bxd6 Qxd6 9. f4 O-O 10.
Nf3 b6 11. O-O a5 12. Nb5 Qe7 13. Rc1 Bb7 14. a3 Rfc8 15. Ne5 Nd7 16. Rf3 Nf8 17. Rh3 g6 18. Rc3 f6 19. Ng4 e5 20. fxe5 fxe5 21. Qf1 e4 22. Bb1 Ba6 23. Ba2 Bxb5 24. Qxb5 Ne6 25. Rxc6 Rxc6 26. Qxc6 Rd8 27. Bxd5 Rd6 28.
Bxe6+ Qxe6 29. Qa8+ Kg7 30. Nh6 Rc6 31. Qb7+ Kf8 32.
Qb8+ Kg7 33. Qe5+ Qxe5 34. dxe5 Rc1+ 35. Kf2 Rc2+ 36. Kg3 Rxb2 37. Ng4 Rb3 38. Kf4 Rxa3 39. e6 Kf8 40. Rxh7 Ra1 41. Nf6 1-0

[Event "*** SCC Grand Prix: Titled Tuesday Blitz"]
[Site "Chess.com"]
[Date "2020.06.23"]
[Round "4"]
[White "IsaacWiebe"]
[Black "MaxVavulin"]
[Result "0-1"]
[WhiteElo "2090"]
[BlackElo "2569"]
[TimeControl "180+1"]
[EndTime "10:39:40 PDT"]
[Termination "MaxVavulin won by checkmate"]

1. d4 Nf6 2. c4 e6 3. g3 c5 4. d5 b5 5. Bg2 exd5 6. cxd5 d6 7. Nf3 g6 8. O-O Bg7 9. a4 b4 10. Nbd2 O-O 11. Nc4 Ba6 12. Nfd2 Qe7 13. Re1 Nbd7 14.
e4 Nb6 15. Qc2 Nfd7 16. Na5 Nxd5 17. Nc6 Qe8 18. Nc4 Bxc4 19. Qxc4 N7b6 20. Qe2 Qxc6 21. exd5 Qc7 22. a5 Nd7 23. Bf4 Ne5 24. Bxe5 Bxe5 25.
h4 h5 26. Qc2 Kg7 27. a6 Qb6 28. f4 Bd4+ 29. Kh2 b3 30. Qd2 Rfe8 31. f5 Re5 32. Rxe5 Bxe5 33. fxg6 fxg6 34. Qe2 Rf8 35. Rf1 Rxf1 36.
Bxf1 c4 37. Qd2 c3 38. bxc3 b2 39. Bd3 b1=Q 40. Bxb1 Qxb1 41. Qe3 Qa2+ 42. Kh3 Qxa6 43. Qe4 Qf1+ 44. Kh2 Qf2+ 45. Kh3 Qxg3# 0-1

[Event "*** SCC Grand Prix: Titled Tuesday Blitz"]
[Site "Chess.com"]
[Date "2020.06.23"]
[Round "4"]
[White "JoliyRoger"]
[Black "Titus369"]
[Result "1-0"]
[WhiteElo "2322"]
[BlackElo "2559"]
[TimeControl "180+1"]
[EndTime "10:39:42 PDT"]
[Termination "JoliyRoger won by resignation"]

1. Nf3 Nf6 2. c4 e6 3. d4 d5 4.
cxd5 exd5 5. Nc3 Be7 6. Bg5 c6 7. Bxf6 Bxf6 8. e3 Bf5 9. Bd3 Bxd3 10. Qxd3 O-O 11. O-O Na6 12. Rab1 Nc7 13. Rfc1 g6 14. a4 a5 15. b4 axb4 16. Rxb4 Ra7 17. Rcb1 Qa8 18.
g3 Ne6 19. Kg2 Rd8 20. h4 c5 21. Rb5 cxd4 22. exd4 Nc7 23. Rb6 Bg7 24. h5 Ne6 25. hxg6 hxg6 26. Rxe6 fxe6 27. Qxg6 Rf8 28. Qxe6+ Rf7 29.
Ng5 b6 30. Nxf7 Rxf7 31. Rxb6 Bxd4 32. Rc6 Qb7 33. Nxd5 Qd7 34. Qxd7 Rxd7 35. Nf6+ Bxf6 36. Rxf6 Ra7 37. Rf4 Kg7 38. Rb4 Kg6 39. g4 Rc7 40.
Kg3 Rc3+ 41. f3 Ra3 42. Rb6+ Kg7 43. Ra6 Ra1 44. g5 Ra2 45. Kg4 Ra3 46. f4 Ra1 47. Kf5 Kf8 48. Ra7 Rb1 49. g6 Kg8 50. a5 Rc1 51.
Kf6 Rc6+ 52. Kg5 Rc5+ 53. f5 Rc1 54. a6 Ra1 55. Kf6 1-0

[Event "*** SCC Grand Prix: Titled Tuesday Blitz"]
[Site "Chess.com"]
[Date "2020.06.23"]
[Round "4"]
[White "Alexander_Donchenko"]
[Black "pooh2012"]
[Result "1-0"]
[WhiteElo "2683"]
[BlackElo "2486"]
[TimeControl "180+1"]
[EndTime "10:39:43 PDT"]
[Termination "Alexander_Donchenko won by resignation"]

1. e4 c6 2. d4 d5 3. e5 Bf5 4.
Nd2 e6 5. Nb3 Nd7 6. Nf3 Bg6 7.
Be2 Nh6 8. O-O Nf5 9. a4 a6 10. a5 c5 11. c3 Be7 12. g4 Nh6 13. h3 Ng8 14. Be3 Rc8 15. dxc5 Nxc5 16. Nxc5 Bxc5 17. Bxc5 Rxc5 18. Nd4 Ne7 19. f4 Be4 20. f5 exf5 21. Qa4+ Kf8 22. gxf5 Nc6 23. Qa3 Qg5+ 24. Bg4 Qe3+ 25.
Kh2 Qd2+ 26. Ne2 Qe3 27. Rae1 Nxe5 28. Nd4 Nxg4+ 29. hxg4 Qh6+ 30. Kg3 Qd6+ 31. Rf4 h5 32. Ne2 hxg4 33. Rd1 Rh3+ 34. Kxg4 Qh6 35. Qxc5+ Kg8 36. Qc8+ Kh7 37. Rxe4 Qh5+ 38. Kf4 Rf3+ 39. Ke5 Qxf5+ 40.
Qxf5+ Rxf5+ 41. Kxf5 dxe4 42. Kxe4 1-0

[Event "*** SCC Grand Prix: Titled Tuesday Blitz"]
[Site "Chess.com"]
[Date "2020.06.23"]
[Round "4"]
[White "Barmen_EV"]
[Black "grzechu96"]
[Result "1-0"]
[WhiteElo "2486"]
[BlackElo "2644"]
[TimeControl "180+1"]
[EndTime "10:39:43 PDT"]
[Termination "Barmen_EV won by resignation"]

1. d4 d5 2. c4 c6 3. Nc3 Nf6 4. Nf3 dxc4 5. a4 Bf5 6. Nh4 e6 7. Nxf5 exf5 8. e3 Bb4 9. Bxc4 O-O 10. O-O Nbd7 11. f3 a5 12. Bd3 g6 13. e4 fxe4 14.
fxe4 Qb6 15. Be3 Rae8 16. Qf3 Qd8 17. Rad1 Nh5 18. Bc4 Qe7 19. e5 Nb6 20. Bb3 Kh8 21.
Bh6 Ng7 22. Ne4 Nd5 23. Bxd5 cxd5 24. Nf6 Rd8 25. Qh3 Rg8 26. Bg5 h5 27. Qh4 Ne6 28. Rf5 Rg7 29. Rdf1 Nxg5 30. Qxg5 Rh7 31. Nxh7 Qxg5 32.
Nxg5 gxf5 33. Nxf7+ Kg7 34. Nxd8 Bd2 35. Rxf5 Be3+ 36.
Kf1 Bxd4 37. Ne6+ Kg6 38. Nxd4 b5 39. axb5 a4 40. b6 a3 41. bxa3 1-0

[Event "*** SCC Grand Prix: Titled Tuesday Blitz"]
[Site "Chess.com"]
[Date "2020.06.23"]
[Round "4"]
[White "DishonorOnYourCow"]
[Black "LuckSlayeer"]
[Result "1-0"]
[WhiteElo "2325"]
[BlackElo "2447"]
[TimeControl "180+1"]
[EndTime "10:39:43 PDT"]
[Termination "DishonorOnYourCow won by checkmate"]

1. d4 Nf6 2. c4 e6 3. Nf3 Bb4+ 4. Nbd2 b6 5. a3 Bxd2+ 6. Qxd2 Bb7 7. b4 a5 8. Bb2 Ne4 9. Qc2 O-O 10. e3 f5 11.
Be2 axb4 12. axb4 Rxa1+ 13. Bxa1 d6 14. O-O Nd7 15. Rd1 Ndf6 16. Nd2 Nxd2 17. Qxd2 Ne4 18. Qc2 Qg5 19. d5 e5 20. Qb3 Bc8 21. f3 Nf6 22. c5 f4 23. e4 Qh6 24. cxb6 cxb6 25. Rc1 Bd7 26. Rc7 g5 27. h3 Qh4 28. Bc3 Qg3 29. Bf1 Bxh3 30. Qd1 Nxe4 31. Be1 Bf5 32.
Bxg3 Nxg3 33. Bd3 e4 34. Bxe4 Nxe4 35. fxe4 Bxe4 36. Qg4 Bg6 37. Qd7 Rf7 38. Qxd6 Rf8 39. Qe5 Rf7 40. Rxf7 Kxf7 41. d6 Bf5 42. Qe7+ Kg6 43.
d7 Bxd7 44. Qxd7 Kh5 45. Qxh7+ Kg4 46. Qb7 Kg3 47. Qf3+ Kh4 48. Qh3# 1-0

[Event "*** SCC Grand Prix: Titled Tuesday Blitz"]
[Site "Chess.com"]
[Date "2020.06.23"]
[Round "4"]
[White "Enki007"]
[Black "Radzio1987"]
[Result "1/2-1/2"]
[WhiteElo "2674"]
[BlackElo "2854"]
[TimeControl "180+1"]
[EndTime "10:39:44 PDT"]
[Termination "Game drawn by repetition"]

1. d4 Nf6 2. Nf3 b6 3. Bg5 Bb7 4. Nbd2 d5 5. e3 Nbd7 6. c4 dxc4 7.
Bxc4 e6 8. O-O Be7 9. Rc1 O-O 10. Qe2 a6 11. Rfd1 h6 12. Bh4 Qe8 13. Bb3 c5 14. Nc4 b5 15. Na5 Be4 16. Nd2 Bg6 17. dxc5 Nxc5 18. Bc2 Bxc2 19. Rxc2 g5 20. Bg3 Nd5 21. Rdc1 Rc8 22. Ndb3 Nxb3 23. Nxb3 Rxc2 24. Qxc2 Nb4 25. Qb1 Qd7 26. a3 Qd3 27. Na5 Qxb1 28. Rxb1 Nd3 29. Nc6 Bf6 30. Nb8 Rc8 31. Nxa6 Bxb2 32. Nc7 Bxa3 33.
Nxb5 Be7 34. Rd1 Nb2 35. Rb1 h5 36. h3 Nd3 37. Rd1 Nb4 38. Bd6 Rd8 39. Rb1 Bxd6 40. Nxd6 Rxd6 41. Rxb4 h4 42. f4 f6 43. fxg5 fxg5 44. Rb5 Rd5 45. Rb7 Rf5 46. Re7 Rf6 47. Rd7 Kf8 48. Rc7 Rf7 49. Rc5 Rf5 50. Rc7 Rf7 51. Rc5 Rf5 52. Rc7 Rf7 1/2-1/2

[Event "*** SCC Grand Prix: Titled Tuesday Blitz"]
[Site "Chess.com"]
[Date "2020.06.23"]
[Round "4"]
[White "IM_Tissir"]
[Black "ENajer77"]
[Result "0-1"]
[WhiteElo "2469"]
[BlackElo "2668"]
[TimeControl "180+1"]
[EndTime "10:39:44 PDT"]
[Termination "ENajer77 won on time"]

1. e4 c6 2. d4 d5 3. Nc3 dxe4 4. Nxe4 Bf5 5. Ng3 Bg6 6. h4 h6 7. Nf3 Nd7 8. h5 Bh7 9. Bd3 Bxd3 10. Qxd3 e6 11.
Bd2 Ngf6 12. O-O-O Be7 13. Kb1 Qb6 14. c4 Rd8 15. Ne4 c5 16. Nxf6+ Bxf6 17. Qa3 Qc7 18. dxc5 O-O 19. Be3 b6 20. cxb6 Nxb6 21. Bxb6 axb6 22.
Qb3 Qc5 23. Qc2 Rc8 24. Rc1 b5 25. cxb5 Qxb5 26. Qd2 Rcd8 27. Qc2 Rc8 28. Qd2 Rcd8 29. Qc2 Rb8 30. b3 Rfd8 31. Rhd1 Qxh5 32. Rxd8+ Rxd8 33. Qe4 Qa5 34. g4 g6 35. Qe3 Kg7 36. Qe4 Ra8 37.
Qe2 Rb8 38. Rc4 Rd8 39. Rc1 Rd5 40. Qc2 Qb4 41. Qe2 Qxg4 42. Qc2 Qxf3 0-1

[Event "*** SCC Grand Prix: Titled Tuesday Blitz"]
[Site "Chess.com"]
[Date "2020.06.23"]
[Round "4"]
[White "profofchess"]
[Black "chess94cu"]
[Result "0-1"]
[WhiteElo "2380"]
[BlackElo "2550"]
[TimeControl "180+1"]
[EndTime "10:39:45 PDT"]
[Termination "chess94cu won by resignation"]

1. e4 e5 2. Nf3 Nc6 3. Nc3 Nf6 4. Bb5 Bd6 5. a3 O-O 6. d3 h6 7. g4 Nd4 8. Bc4 Nh7 9. Be3 Nxf3+ 10. Qxf3 c6 11.
h4 b5 12. Ba2 b4 13. axb4 Bxb4 14. g5 d5 15. gxh6 g6 16. Qg3 Qf6 17. h5 Kh8 18.
exd5 e4 19. hxg6 fxg6 20. Kd2 exd3 21. Rh4 Bd6 22. Bd4 Bxg3 23. fxg3 dxc2 24. Bxf6+ Rxf6 25. dxc6 Rxc6 26. Kxc2 Bf5+ 27. Kc1 Re8 28. Rh1 Re2 29. Bb3 Rc7 30. Ra6 Ng5 31. Rd1 Ne4 32. Rad6 Nxc3 33. Rd8+ Kh7 34. Bg8+ Kxh6 35. Rh1+ Kg5 36. bxc3 Rxc3+ 37. Kd1 Bg4 38. Rd5+ Re5+ 39. Kd2 Rxd5+ 40. Bxd5 Rxg3 41. Ra1 Bf5 42. Rxa7 Rd3+ 43. Ke2 Rxd5 0-1

[Event "*** SCC Grand Prix: Titled Tuesday Blitz"]
[Site "Chess.com"]
[Date "2020.06.23"]
[Round "4"]
[White "K-Nygren"]
[Black "londonkid"]
[Result "1-0"]
[WhiteElo "2525"]
[BlackElo "2340"]
[TimeControl "180+1"]
[EndTime "10:39:45 PDT"]
[Termination "K-Nygren won by checkmate"]

1. e4 e6 2. d4 d5 3. Nc3 Nf6 4. Bg5 dxe4 5. Nxe4 Nbd7 6. Nf3 Be7 7.
Nxf6+ Nxf6 8. Bc4 b6 9. Qe2 Bb7 10. O-O-O O-O 11. Ne5 Nd5 12. Bd2 c5 13. dxc5 Qc7 14. c6 Bxc6 15. Nxc6 Qxc6 16. Kb1 Bf6 17. Bb3 a5 18. a4 Rab8 19. g4 b5 20. g5 bxa4 21.
gxf6 axb3 22. Qd3 Qa4 23. cxb3 Rxb3 24. Qc2 Rfb8 25. Rc1 Nxf6 26. Rhd1 Qb5 27. Bc3 Nd5 28. Rd3 h6 29. Rg3 Nxc3+ 30. Rxc3 Rxc3 31. Qxc3 Qf5+ 32. Ka1 Qxf2 33. h4 Qf5 34. Rg1 f6 35. Qc7 Qb5 36.
Qxg7# 1-0

[Event "*** SCC Grand Prix: Titled Tuesday Blitz"]
[Site "Chess.com"]
[Date "2020.06.23"]
[Round "4"]
[White "Skatchkov_V"]
[Black "platy3"]
[Result "1-0"]
[WhiteElo "2557"]
[BlackElo "2764"]
[TimeControl "180+1"]
[EndTime "10:39:46 PDT"]
[Termination "Skatchkov_V won by resignation"]

1. d4 Nf6 2. Nf3 d5 3. c4 e6 4. g3 dxc4 5. Bg2 c6 6. O-O b5 7. Nc3 Bb7 8. Qc2 Nbd7 9. e4 Be7 10. Bf4 O-O 11. Rfe1 Nb6 12. Rad1 a5 13. d5 cxd5 14. Nxb5 Qd7 15. a4 Rac8 16. e5 Ne8 17. Ng5 Bxg5 18.
Bxg5 Nxa4 19. Qxa4 Bc6 20. Qxa5 Bxb5 21. h4 h6 22. Be3 Nc7 23. Bc5 Rfd8 24. Bb6 Qc6 25.
Be3 Ra8 26. Qb4 Ra4 27. Qc3 Ra2 28. Rd4 Qa6 29. Rg4 Qa5 30. Qc1 Kf8 31. Bc5+ Ke8 32. Rxg7 d4 33. Qf4 Qxe1+ 34. Kh2 f5 35. Re7+ 1-0

[Event "*** SCC Grand Prix: Titled Tuesday Blitz"]
[Site "Chess.com"]
[Date "2020.06.23"]
[Round "4"]
[White "mmmflatbread"]
[Black "Alindsay211"]
[Result "1-0"]
[WhiteElo "2760"]
[BlackElo "2273"]
[TimeControl "180+1"]
[EndTime "10:39:46 PDT"]
[Termination "mmmflatbread won on time"]

1. e4 c5 2. Nc3 e6 3. Nf3 Nc6 4. d4 cxd4 5. Nxd4 Qc7 6. g3 a6 7. Bg2 Nf6 8. O-O d6 9. Nde2 Be7 10. h3 O-O 11. a4 Rb8 12. f4 b5 13. axb5 axb5 14. f5 b4 15. Nb1 Ne5 16. fxe6 fxe6 17. Kh2 Bb7 18. Nd2 Rbc8 19. Nd4 Rf7 20. N2b3 Bxe4 21.
Bxe4 Nxe4 22. Rxf7 Kxf7 23. Qh5+ Kg8 24. Bf4 Ng6 25. Qe2 e5 26. Qxe4 exf4 27. gxf4 d5 28. Qxd5+ Kh8 29. Kh1 Qxf4 30. Qf5 Qb8 31. Re1 Bf6 32.
Qe4 Nh4 33. Rf1 Qg3 34. Qg4 Qb8 35. Rxf6 gxf6 36. Qxh4 Qb7+ 37. Kh2 Qc7+ 38. Qg3 Qd7 39. Qf4 f5 40. Nd2 Re8 41. N2f3 Re4 42. Qg5 Qc7+ 43. Qg3 Qxg3+ 44. Kxg3 f4+ 45. Kg4 Kg7 46. Kf5 Re8 47. Kxf4 Kf6 48. Nc6 Rc8 49. Nfd4 h6 50. Nxb4 Rg8 51.
c3 Rg1 52. Nd5+ Kf7 53. b4 h5 54. b5 h4 55. b6 Rb1 56. Nb4 Re1 57. b7 1-0

[Event "*** SCC Grand Prix: Titled Tuesday Blitz"]
[Site "Chess.com"]
[Date "2020.06.23"]
[Round "4"]
[White "ShahMatKanal"]
[Black "mfwagnerpeixoto"]
[Result "1-0"]
[WhiteElo "2403"]
[BlackElo "2195"]
[TimeControl "180+1"]
[EndTime "10:39:47 PDT"]
[Termination "ShahMatKanal won by resignation"]

1. e4 c5 2. d4 cxd4 3. c3 Nf6 4. e5 Nd5 5. cxd4 e6 6. Nc3 Nxc3 7. bxc3 b6 8. Bd3 Bb7 9. Nf3 Qc7 10. Bd2 d6 11. O-O Nd7 12. exd6 Bxd6 13. h3 Nf6 14.
Qe2 O-O 15. Rac1 Bf4 16. Be3 Nd5 17. Qd2 Nxe3 18. fxe3 Bh6 19. Qf2 Rad8 20. Rc2 g6 21.
e4 f5 22. e5 Bd5 23. Kh1 Bc4 24. Qe2 Bxd3 25. Qxd3 Rd7 26. Qb5 Rfd8 27. Qb3 Qc6 28. Qb1 Qd5 29. Qb3 Qxb3 30. axb3 Rc8 31. Rd1 Rdc7 32.
Rd3 b5 33. Kg1 b4 34. c4 a5 35. Ra2 Ra7 36. Ra4 Rcc7 37. Kf2 Bf8 38. Ne1 h6 39. Nc2 Kf7 40. Ke2 Be7 41. g3 h5 42. Rd1 Rd7 43.
Rda1 Bd8 44. Ke3 Bb6 45. c5 Bd8 46. Kd3 Bg5 47. Rxa5 Rxa5 48. Rxa5 h4 49. gxh4 Bxh4 50. Ne3 f4 51. Nc4 f3 52. Nd6+ Kg7 53. Ra1 f2 54. c6 Rc7 55. Ne8+ 1-0

[Event "*** SCC Grand Prix: Titled Tuesday Blitz"]
[Site "Chess.com"]
[Date "2020.06.23"]
[Round "4"]
[White "pedromartinez91"]
[Black "tan275"]
[Result "1-0"]
[WhiteElo "2496"]
[BlackElo "2262"]
[TimeControl "180+1"]
[EndTime "10:39:48 PDT"]
[Termination "pedromartinez91 won on time"]

1. Nf3 d5 2. g3 Nf6 3. Bg2 c6 4. O-O Bf5 5. c4 e6 6. cxd5 exd5 7. d3 Be7 8. Nc3 O-O 9. Qc2 Na6 10. a3 h6 11. e4 dxe4 12. dxe4 Bh7 13. Bf4 Nc5 14. Rad1 Qb6 15. Ne5 a5 16. Nc4 Qa6 17. Nd6 Rfd8 18. Rfe1 Nh5 19. Bf1 Qa7 20. Be5 b5 21.
Nf5 Bf6 22. Bxf6 Nxf6 23. b4 axb4 24. axb4 Ne6 25. Bg2 Qb6 26. Ne2 Ng4 27. Ned4 Bxf5 28. Nxf5 Rxd1 29. Rxd1 Rd8 30. Rxd8+ Qxd8 31. h3 Ne5 32.
Qc3 Qd1+ 33. Kh2 f6 34. f4 Nc4 35. Ne3 Nxe3 36. Qxe3 Qd4 37. Qc1 Qc4 38. Qb2 Kf7 39.
h4 1-0

[Event "*** SCC Grand Prix: Titled Tuesday Blitz"]
[Site "Chess.com"]
[Date "2020.06.23"]
[Round "4"]
[White "XiaoKangZhong"]
[Black "AndreyNeves"]
[Result "1-0"]
[WhiteElo "2409"]
[BlackElo "2203"]
[TimeControl "180+1"]
[EndTime "10:39:48 PDT"]
[Termination "XiaoKangZhong won by checkmate"]

1. e4 e5 2. Nf3 Nc6 3. Bc4 Bc5 4. c3 Nf6 5. d3 d6 6. O-O O-O 7. Nbd2 a6 8. Bb3 b5 9. h3 Qe7 10. Re1 Be6 11. Bc2 Rfe8 12. Nf1 Bb6 13. Ng3 Qd7 14. d4 Bxh3 15. gxh3 Qxh3 16. Ng5 Qd7 17. d5 Ne7 18.
Be3 Bxe3 19. fxe3 h6 20. Nf3 Qh3 21. Nf1 Nh5 22. Qe2 Ng6 23. Qg2 Qd7 24. Ng3 Nf6 25.
Nf5 Kh7 26. N3h4 Rg8 27. Rf1 Raf8 28. Rf3 c6 29. dxc6 Qxc6 30. Rg3 Qc5 31. Re1 Nh5 32. Rxg6 fxg6 33. Qxg6+ Kh8 34. Qxh5 Rf6 35. Kh2 b4 36. Re2 bxc3 37. bxc3 Qc4 38. Rg2 Qf1 39. Ng6+ Kh7 40. Nge7 g6 41. Qxh6# 1-0

[Event "*** SCC Grand Prix: Titled Tuesday Blitz"]
[Site "Chess.com"]
[Date "2020.06.23"]
[Round "4"]
[White "Michaelson_11"]
[Black "AlphaZ3r0"]
[Result "1-0"]
[WhiteElo "2062"]
[BlackElo "2269"]
[TimeControl "180+1"]
[EndTime "10:39:48 PDT"]
[Termination "Michaelson_11 won on time"]

1. e4 c5 2. Nf3 e6 3. d4 cxd4 4. Nxd4 Nc6 5. Nc3 Qc7 6. Be3 a6 7. a3 Nf6 8. f4 Nxd4 9. Bxd4 Qxf4 10. g3 Qc7 11. e5 Nd5 12. Nxd5 exd5 13. Bg2 Bc5 14.
Bxd5 O-O 15. O-O d6 16. exd6 Qxd6 17. Bxc5 Qxc5+ 18. Kh1 Bh3 19. Qf3 Bxf1 20. Rxf1 Rad8 21. c4 Kh8 22. Bxb7 a5 23. Bd5 f6 24. Qf5 Rb8 25. Rf2 Rfe8 26. Kg2 Re1 27. b4 axb4 28. axb4 Qd4 29.
b5 Rbe8 30. Bc6 R1e5 31. Qf4 Rd8 32. Qxd4 Rxd4 33. Rc2 Rc5 34. Re2 g6 35. Bd5 Rdxd5 36. cxd5 Rxd5 37. Rb2 Rd7 38. b6 Rb7 39. Kf3 Kg7 40.
Ke4 Kf7 41. Kd5 Ke7 42. Kc6 Rb8 43. Kc7 1-0

[Event "*** SCC Grand Prix: Titled Tuesday Blitz"]
[Site "Chess.com"]
[Date "2020.06.23"]
[Round "4"]
[White "GukeshDommaraju"]
[Black "rubhani"]
[Result "0-1"]
[WhiteElo "2699"]
[BlackElo "2523"]
[TimeControl "180+1"]
[EndTime "10:39:50 PDT"]
[Termination "rubhani won on time"]

1. c4 c6 2. Nf3 d5 3. b3 Nf6 4.
Bb2 Bg4 5. e3 Nbd7 6. Be2 e6 7.
O-O Bd6 8. d4 O-O 9. Nbd2 a5 10.
a3 Qe7 11. Ne5 Bxe2 12. Qxe2 Bxe5 13. dxe5 Ne4 14. Nxe4 dxe4 15. a4 Qg5 16. Qc2 Qf5 17. Qc3 Rfc8 18. Qd4 Nf8 19. Rad1 Ng6 20. f3 exf3 21.
Rxf3 Qc2 22. Rdf1 Rd8 23. Qc3 Qxc3 24. Bxc3 Rd3 25. Bd4 Rf8 26. Rb1 Nh4 27. Rf4 Nf5 28. Kf2 Rd8 29. Ke2 Nxd4+ 30. Kxd3 Nxb3+ 31. Kc2 Nc5 32. Rd4 Rc8 33. Rd6 Kf8 34. g4 Ke7 35. h4 Rc7 36. Ra1 Na6 37. Rd4 Nc5 38. Kc3 Nd7 39. Rb1 Nxe5 40. Rb2 Nd7 0-1

[Event "*** SCC Grand Prix: Titled Tuesday Blitz"]
[Site "Chess.com"]
[Date "2020.06.23"]
[Round "4"]
[White "jonaszmb"]
[Black "XDPS"]
[Result "0-1"]
[WhiteElo "2477"]
[BlackElo "2678"]
[TimeControl "180+1"]
[EndTime "10:39:50 PDT"]
[Termination "XDPS won by checkmate"]

1. e4 c5 2. Nf3 d6 3. d4 cxd4 4. Nxd4 Nf6 5. Nc3 a6 6. h3 e6 7. g4 h6 8. Bg2 g5 9. Qe2 Nbd7 10. h4 Rg8 11. hxg5 hxg5 12. Bd2 Ne5 13. f4 gxf4 14. g5 Rxg5 15. Bxf4 Rg4 16. Bh6 Be7 17. O-O-O Bd7 18.
Bh3 Rg6 19. Bf4 Qc7 20. Rdg1 Rxg1+ 21. Rxg1 O-O-O 22. Rg7 Rh8 23. Bg2 Ng6 24. Bg5 Ne5 25. Nf3 Be8 26. Nxe5 dxe5 27. Qf2 Nh5 28. Bxe7 Qxe7 29. Rg4 Nf4 30. Qa7 Qd6 31. b3 Qb8 32.
Qc5+ Qc7 33. Qb4 Kb8 34. Na4 Bxa4 35. Qxa4 Rc8 36. b4 Qc3 37. Qb3 Qe1+ 38. Kb2 Ne2 39. Qe3 Qxb4+ 40. Ka1 Nd4 41. c4 Nc2# 0-1

[Event "*** SCC Grand Prix: Titled Tuesday Blitz"]
[Site "Chess.com"]
[Date "2020.06.23"]
[Round "4"]
[White "kuba2006"]
[Black "SamuelGhimpu2003"]
[Result "1-0"]
[WhiteElo "2364"]
[BlackElo "2595"]
[TimeControl "180+1"]
[EndTime "10:39:51 PDT"]
[Termination "kuba2006 won on time"]

1. e4 e6 2. d4 d5 3. e5 c5 4. c3 Qb6 5. Nf3 Bd7 6. Bd3 Nc6 7. dxc5 Bxc5 8. O-O a5 9. Nbd2 a4 10. b4 axb3 11.
Nxb3 Nge7 12. Nxc5 Qxc5 13. Qe1 Ng6 14. Be3 Qa5 15.
Bd2 Qc7 16. Qe2 Ncxe5 17. Nxe5 Qxe5 18. f4 Qxe2 19. Bxe2 O-O 20. Be3 Rfc8 21. Bd4 Ne7 22. Bd3 Nc6 23. Bc5 Ra5 24. Bd6 f6 25. Rab1 Nd8 26.
Rf2 Be8 27. Rfb2 Ra4 28. Be7 Rxf4 29. Bxd8 Rxd8 30. Rxb7 Ra4 31. Re7 Bf7 32. Rbb7 Rf8 33. Bb5 Rxa2 34. Bd7 Ra1+ 35. Kf2 Raa8 36. Bxe6 Ra2+ 37.
Kg3 Ra3 38. Bxf7+ Kh8 39. Bxd5 Rxc3+ 40. Kf2 Rc2+ 41. Kg3 Rd8 42. Bf3 1-0

[Event "*** SCC Grand Prix: Titled Tuesday Blitz"]
[Site "Chess.com"]
[Date "2020.06.23"]
[Round "4"]
[White "m_ezat"]
[Black "Supernotar"]
[Result "0-1"]
[WhiteElo "2546"]
[BlackElo "2795"]
[TimeControl "180+1"]
[EndTime "10:39:52 PDT"]
[Termination "Supernotar won on time"]

1. d4 d5 2. c4 dxc4 3. e3 Nf6 4.
Bxc4 e6 5. Nf3 a6 6. O-O b5 7.
Bb3 Bb7 8. Nc3 Nbd7 9. Qe2 c5 10. Rd1 Qc7 11. d5 exd5 12. Nxd5 Nxd5 13. Bxd5 Bxd5 14. Rxd5 Be7 15. e4 O-O 16. Bf4 Qxf4 17. Rxd7 Bf6 18. e5 Rfe8 19. Re1 Re6 20. Qd3 Rae8 21. g3 Qb4 22.
Kg2 Be7 23. b3 h6 24. Re4 Qa5 25. a4 Qb6 26. axb5 axb5 27. Rf4 Qc6 28. Rd5 Ra8 29. h4 Ra3 30. Kh2 g6 31. h5 c4 32. Qe4 f5 33. Qd4 c3 34. Rd8+ Bxd8 35. Qxd8+ Re8 36. Qd4 c2 37. e6 c1=Q 38. Qf6 Qxe6 39. Qd4 Ra1 40. g4 Qh1+ 41. Kg3 Rg1+ 42. Nxg1 Qxg1+ 43.
Kh3 fxg4+ 44. Rxg4 Qexg4+ 45. Qxg4 Qxg4+ 0-1

[Event "*** SCC Grand Prix: Titled Tuesday Blitz"]
[Site "Chess.com"]
[Date "2020.06.23"]
[Round "4"]
[White "enzovsky"]
[Black "chipmunknau"]
[Result "1-0"]
[WhiteElo "2343"]
[BlackElo "2588"]
[TimeControl "180+1"]
[EndTime "10:39:52 PDT"]
[Termination "enzovsky won by resignation"]

1. e4 c6 2. d4 d5 3. e5 Bf5 4. h4 h6 5. g4 Bd7 6. h5 e6 7. f4 c5 8. Nf3 Qb6 9. c3 Bb5 10. Bxb5+ Qxb5 11. Rh2 Nd7 12. Be3 Ne7 13. Nbd2 Nc6 14.
Nb3 Rc8 15. Kf2 Be7 16. Kg3 f6 17. exf6 Nxf6 18. Ne5 Ne4+ 19. Kf3 Nxe5+ 20. dxe5 O-O 21. Qe2 Qc6 22. Nd2 Qa4 23. Kg2 Nxd2 24. Bxd2 Qc2 25. Kh3 Qxb2 26. Rf1 d4 27. Qc4 Rc6 28. f5 b5 29. Qd3 c4 30. Qxd4 Rd8 31. Qe4 Rd3+ 32. Rf3 Rc8 33. f6 Rxf3+ 34. Qxf3 Bf8 35. Bxh6 Qb1 36. Bxg7 Rd8 37. Kh4 Qe1+ 38. Qg3 Qe4 39. Bxf8 Kxf8 40. Rf2 Rd3 41. Qf4 Qh1+ 42. Kg5 Kf7 43.
a4 a6 44. axb5 axb5 45. Ra2 Rd7 46. Kh6 Qd1 47. g5 Qb1 48. g6+ Kf8 49. Ra8+ 1-0

[Event "*** SCC Grand Prix: Titled Tuesday Blitz"]
[Site "Chess.com"]
[Date "2020.06.23"]
[Round "4"]
[White "Rud_Makarian"]
[Black "Fandorine"]
[Result "1-0"]
[WhiteElo "2702"]
[BlackElo "2884"]
[TimeControl "180+1"]
[EndTime "10:39:53 PDT"]
[Termination "Rud_Makarian won by resignation"]

1. d4 Nf6 2. c4 g6 3. Nc3 Bg7 4. e4 d6 5. Be2 O-O 6. Be3 Na6 7. Nf3 c6 8. h3 e5 9. d5 Nh5 10. Nd2 Nf4 11. Bf1 f5 12. g3 Ne6 13. exf5 gxf5 14. dxe6 f4 15. Nde4 fxe3 16. fxe3 Bxe6 17. Qxd6 Qxd6 18.
Nxd6 Bh6 19. O-O-O Bxe3+ 20. Kb1 Rad8 21. Be2 Bd4 22. Nce4 Nc5 23. Bg4 Bxg4 24. hxg4 Rxd6 25. Nxd6 Rf2 26. Rxd4 exd4 27. Rd1 Na4 28. Rxd4 b6 29. Nf5 Rxb2+ 30. Kc1 Rxa2 31. Rd7 Nc5 32. Rg7+ Kf8 33. Rxh7 a5 34. g5 Rf2 35. Nd6 a4 36. g6 Kg8 37. Ra7 Nb3+ 38. Kd1 Nc5 39. Ke1 Rf7 40. gxf7+ 1-0